 Dungeon Sprint DCSS version 0.21.1-1-g345015f (webtiles) character file.

0 equalderp2856 the Skirmisher (level 3, 0/37 HPs)
             Began as a Minotaur Fighter on May 3, 2018.
             Slain by Sigmund
             ... wielding a +0 scythe
              (11 damage)
             ... in the Dungeon (Sprint VI: "Thunderdome").
             The game lasted 00:00:35 (87 turns).

equalderp2856 the Skirmisher (Minotaur Fighter)       Turns: 87, Time: 00:00:36

Health: 0/37       AC:  7    Str: 20    XL:     3   Next: 67%
Magic:  2/2        EV:  7    Int:  6    God:
Gold:   200        SH: 10    Dex:  9    Spells: 2/2 levels left

rFire    . . .     SeeInvis .   a - +0 war axe
rCold    . . .     Gourm    .   c - +0 shield
rNeg     . . .     Faith    .   b - +0 scale mail
rPois    .         Spirit   .   (helmet restricted)
rElec    .         Reflect  .   (no cloak)
rCorr    .         Harm     .   (no gloves)
MR       .....     NoTele   +   (no boots)
Stlth    ..........             (no amulet)
HPRegen  0.12/turn              (no ring)
MPRegen  0.08/turn              (no ring)

@: no status effects
A: retaliatory headbutt, horns 2
a: no special abilities


You were in the Dungeon.
You were not hungry.

You visited 1 branch You collected 200 gold pieces.

Inventory:

Hand Weapons
 a - a +0 war axe (weapon)
Armour
 b - a +0 scale mail (worn)
 c - a +0 shield (worn)
Wands
 m - a wand of acid (5)
 n - a wand of iceblast (5)
Scrolls
 k - 4 scrolls of blinking
 o - 3 scrolls of fog
Potions
 d - a potion of might
 g - 3 potions of heal wounds
 h - 4 potions of haste
 i - 2 potions of magic
 j - a potion of berserk rage
 l - a potion of resistance
Comestibles
 f - a ration


   Skills:
 + Level 5.9 Fighting
 + Level 4.1 Axes
 + Level 5.9 Armour
 + Level 5.9 Shields


You had 2 spell levels left.
You didn't know any spells.

Dungeon Overview and Level Annotations

Branches:
Dungeon (1/1)

Altars:
Dithmenos
Fedhas
Gozag
Kikubaaqudgha
Makhleb
Okawaru
Qazlal
Ru
Sif Muna
Trog
Uskayaw
Vehumet
Wu Jian
Xom
Yredelemnul
Zin
The Shining One
Jiyva
Lugonu

Shops:
D *[%?**[(!!!!

Annotations:
D Sigmund


Innate Abilities, Weirdness & Mutations

You reflexively headbutt those who attack you in melee.
You have a pair of horns on your head.


Message History

Found Qisaopp's Premium Goods.
You feel sick.
Found Fizycrist's Miscellaneous Merchandise and Jofiv's Basic Armour.
Found Xirhad's Weapon Rack.
Found three altars.
You feel sick.
Found a blossoming altar of Fedhas.
You feel sick.
Found a hide-covered altar of Uskayaw.
Found a viscous altar of Jiyva.
You feel sick.
Found Porutzi's Do-It-Yourself Clinic.
Found Qealuan's Distillery.
Found three altars.
Found Hipp's Bottled Wisdom and Pasourhoe's Distillery.
You feel sick.
Sigmund the Dreaded comes into view.
He is wielding a scythe.
Sigmund shouts!
You feel sick.
You are no longer poisoned.
Sigmund hits you with a scythe!
You die...

_..... _........
###.........###
#⌠...........⌠#
###.8.........8.######
._......# #......___∩##
......8.# #.8........∩###
........###....@........##
.....###...# #..@.......⌠#
..)(.# #.<.# #..........⌠#
.....###...###..........⌠#
........###.............##
......8.# #.8........∩###
__......###......___∩##
###.8.........8.######
#⌠...........⌠#
###.........###


You could see Sigmund.

Vanquished Creatures
  A scorpion (D)
  A worm (D)
  A hobgoblin (D)
  A kobold (D)
  A quokka skeleton (D)
5 creatures vanquished.

Notes
Turn   | Place    | Note
-------+----------+-------------------------------------------
     0 | D        | equalderp2856 the Minotaur Fighter began the quest for the Orb.
     0 | D        | Reached XP level 1. HP: 19/19 MP: 0/0
     4 | D        | Found a corrupted altar of Lugonu.
     5 | D        | Found a shimmering altar of Xom.
     5 | D        | Found a radiant altar of Vehumet.
     5 | D        | Round 1.
     6 | D        | Found a stormy altar of Qazlal.
     6 | D        | Found an opulent altar of Gozag.
     7 | D        | Found Jootor's Identification Station.
     7 | D        | Found a deep blue altar of Sif Muna.
     7 | D        | Found Ischeury's Delicious Food.
     8 | D        | Found Aggyufiw's Advanced Armour.
     8 | D        | Found Piec's Jewellery.
    14 | D        | Found an iron altar of Okawaru.
    41 | D        | Noticed a scorpion
    41 | D        | Found a glowing silver altar of Zin.
    43 | D        | Found an ancient bone altar of Kikubaaqudgha.
    61 | D        | Killed a scorpion
    61 | D        | Reached skill level 5 in Fighting
    61 | D        | Reached skill level 5 in Armour
    61 | D        | Reached skill level 5 in Shields
    61 | D        | Reached XP level 2. HP: 13/30 MP: 1/1
    61 | D        | Reached XP level 3. HP: 16/37 MP: 2/2
    64 | D        | Found a sacrificial altar of Ru.
    65 | D        | Found Qisaopp's Premium Goods.
    66 | D        | Found Fizycrist's Miscellaneous Merchandise.
    66 | D        | Found Jofiv's Basic Armour.
    67 | D        | Found a basalt altar of Yredelemnul.
    67 | D        | Found an ornate altar of the Wu Jian Council.
    67 | D        | Found a burning altar of Makhleb.
    67 | D        | Found Xirhad's Weapon Rack.
    71 | D        | Found a blossoming altar of Fedhas.
    72 | D        | Found a hide-covered altar of Uskayaw.
    74 | D        | Found a viscous altar of Jiyva.
    76 | D        | Found Porutzi's Do-It-Yourself Clinic.
    77 | D        | Found a glowing golden altar of the Shining One.
    77 | D        | Found a shadowy altar of Dithmenos.
    77 | D        | Found a bloodstained altar of Trog.
    77 | D        | Found Qealuan's Distillery.
    78 | D        | Found Hipp's Bottled Wisdom.
    78 | D        | Found Pasourhoe's Distillery.
    82 | D        | Noticed Sigmund
    87 | D        | Slain by Sigmund

Skill      XL: |  1 |
---------------+----+-----
Fighting       | 5 |  5.9
Armour         | 5 |  5.9
Shields        | 5 |  5.9
Axes           | 4 |  4.1

Action                   || total
-------------------------++-------
Melee: War axe           ||    20
       Headbutt          ||     3
  Use: Potion            ||     2
Armor: Scale mail        ||     7
Dodge: Dodged            ||     6
Block: Shield            ||     9
